 Dungeon Crawl Stone Soup version 0.30-a0-553-g7fabdf1491 (webtiles) character file.

Game seed: 6803382120811689653

4914 greasedhog the Carver (level 10, -1/40 (72) HPs)
             Began as a Djinni Fighter on Dec 26, 2022.
             Was an Initiate of Wu Jian.
             Slain by a killer bee (4 damage)
             ... on level 9 of the Dungeon.
             The game lasted 00:16:37 (9106 turns).

greasedhog the Carver (Djinni Fighter)              Turns: 9106, Time: 00:16:38

HP:   -1/40 (72)    AC: 12    Str: 15    XL:     10   Next: 80%
Gold: 377           EV: 13    Int: 12    God:    Wu Jian [......] SH:  5 Dex: 15

rFire   + + .      SeeInvis .    a - +0 long sword
rCold   x . .      Faith    .    c - +0 buckler
rNeg    . . .      Spirit   .    F - +0 steam dragon scales
rPois   ∞          Reflect  .    (no helmet)
rElec   .          Harm     .    (no cloak)
rCorr   +          Rampage  .    v - +1 pair of gloves
Will    +....                    (boots unavailable)
Stlth   +                        (no amulet)
HPRegen 0.26/turn                o - +4 ring of protection
MPRegen 0.00/turn                E - ring of resist corrosion

@: flying, very heavily drained
A: sickness immunity, fire resistance 2, cold vulnerability 1, float, innate
caster, HP casting, extra vitality 1
a: Renounce Religion


You were on level 9 of the Dungeon.
You worshipped Wu Jian.
Wu Jian was noncommittal.
You visited 2 branches of the dungeon, and saw 10 of its levels.
You also visited: Sewer.

You collected 377 gold pieces.

Inventory:

Hand Weapons
 a - a +0 long sword (weapon)
Armour
 c - a +0 buckler (worn)
 v - a +1 pair of gloves (worn)
 F - +0 steam dragon scales (worn)
Jewellery
 o - a +4 ring of protection (left hand)
 E - a ring of resist corrosion (right hand)
Wands
 f - a wand of flame (44)
 n - a wand of polymorph (6)
Scrolls
 d - a scroll of enchant weapon
 e - 3 scrolls of vulnerability {unknown}
 h - 2 scrolls of brand weapon {unknown}
 l - 5 scrolls of teleportation
 p - 3 scrolls of magic mapping {unknown}
 q - 4 scrolls of fog
 w - 3 scrolls of poison
 y - a scroll of summoning {unknown}
 A - 3 scrolls of blinking
 C - a scroll of silence
 D - 2 scrolls of enchant armour
Potions
 b - 3 potions of flight {unknown}
 g - 2 potions of lignification
 i - 4 potions of degeneration {unknown}
 j - a potion of heal wounds
 k - 3 potions of brilliance {unknown}
 m - 7 potions of curing
 r - 6 potions of berserk rage {unknown}
 t - 4 potions of invisibility {unknown}
 u - a potion of haste {unknown}
 x - a potion of magic {unknown}
 z - a potion of might
 B - a potion of cancellation {unknown}


   Skills:
 * Level 5.8 Fighting
 * Level 9.1 Long Blades
 - Level 6.0 Armour
 - Level 5.0 Dodging
 - Level 5.0 Shields
 + Level 5.0 Spellcasting


You had 10 spell levels left.
You knew the following spells:

 Your Spells              Type           Power      Damage    Failure   Level
a - Kiss of Death         Conj/Necr      60%        2d10      3%          1
b - Call Imp              Summ           15%        N/A       4%          2
c - Blink                 Tloc           30%        N/A       4%          2
d - Animate Dead          Necr           15%        N/A       32%         4
Your spell library was empty.

Dungeon Overview and Level Annotations

Branches:
Dungeon (9/15)             Temple (1/1) D:4           Sewer (visited)
   Lair: D:8-11         Orc: D:9-12

Altars:
Ashenzari
Cheibriados
Dithmenos
Fedhas
Gozag
Hepliaklqana
Makhleb
Nemelex Xobeh
Okawaru
Qazlal
Ru
Trog
Uskayaw
Wu Jian
Yredelemnul
Zin
The Shining One

Shops:
D:3 =*   D:8 (


Innate Abilities, Weirdness & Mutations

You are immune to sickness and miasma.
You are immune to poison.
Your flesh is very heat resistant. (rF++)
You are vulnerable to cold. (rC-)
You float through the air rather than walking.
You learn spells naturally, not from books.
Your magical power is your life essence.
You have superior vitality. (+4 MHP)


Message History

The killer bee barely misses you. You block the killer bee's attack. x2
The killer bee misses you.
You hit the killer bee.
The killer bee is almost dead.
The killer bee stings you.
* * * LOW HITPOINT WARNING * * *
The killer bee misses you.
Your shadow imp misses the killer bee.
The killer bee completely misses you. You block the killer bee's attack.
You miss the killer bee.
The killer bee is almost dead.
The killer bee barely misses you. You block the killer bee's attack.
Your shadow imp barely misses the killer bee.
You block the killer bee's attack. The killer bee stings you.
* * * LOW HITPOINT WARNING * * *
You miss the killer bee.
The killer bee is almost dead.
The killer bee stings you but does no damage. x2
Your shadow imp misses the killer bee.
The killer bee completely misses you. You block the killer bee's attack.
You slash the killer bee!
You kill the killer bee!
The Council accepts your kill. The killer bee closely misses you.
Your shadow imp hits the killer bee.
You block the killer bee's attack.
You miss the killer bee.
The killer bee is moderately wounded.
Your shadow imp barely misses the killer bee.
The killer bee closely misses you.
You closely miss the killer bee.
The killer bee is moderately wounded.
The killer bee stings you but does no damage.
Your shadow imp hits the killer bee.
The killer bee stings you but does no damage.
You miss the killer bee.
The killer bee is moderately wounded.
The killer bee stings you.
* * * LOW HITPOINT WARNING * * *
Your shadow imp closely misses the killer bee.
The killer bee stings you.
You die...

.... ## #.....# #.
#.....#
#...##.....###### #..
............# #...
#..........# #
#...##..........# #
#...†y......†...# #
#....@5.........######
#...##.....##........#
.#...##.....##........#
.'..........##...##...#
..#..........#######...#
. ######......(........#
#...............#
#...............'
#..........####+#


You could see a killer bee (ally target) and a friendly shadow imp (summoned).

Vanquished Creatures
  A two-headed ogre (D:8)
  Sigmund (D:3)
  2 wyverns (D:9)
  A steam dragon (D:9)
  A water moccasin (D:9)
  Duvessa (D:7)
  An orc warrior (D:6)
  A sky beast (D:8)
  3 black bears
  2 ogres (D:5)
  2 centaurs
  A phantom (D:4)
  4 kobold brigands
  A gnoll sergeant (D:5)
  Blork the orc (D:5)
  2 bullfrogs
  Dowan (D:7)
  12 killer bees (D:9)
  A gnoll bouda (D:7)
  3 hounds
  3 jellies (D:6)
  4 orc priests
  4 orc wizards
  2 iguanas (D:6)
  5 gnolls
  2 river rats
  12 adders
  2 shadow imps
  3 worms
  3 dart slugs
  28 orcs
  11 ball pythons
  A bat (D:2)
  8 endoplasms
  4 giant cockroaches
  7 hobgoblins
  3 jackals (D:4)
  4 quokkas
  5 frilled lizards
  4 goblins
  18 kobolds
  12 rats
187 creatures vanquished.

Vanquished Creatures (collateral kills)
  A two-headed ogre (D:8)
  A sky beast (D:7)
  An orc priest (D:8)
  An iguana (D:7)
  A gnoll (D:7)
  An orc (D:7)
6 creatures vanquished.

Vanquished Creatures (others)
  An orc wizard (D:6)
1 creature vanquished.

Grand Total: 194 creatures vanquished

Notes
Turn   | Place    | Note
-------+----------+-------------------------------------------
     0 | D:1      | greasedhog the Djinni Fighter began the quest for the Orb.
     0 | D:1      | Reached XP level 1. HP: 20/20 MP: 0/0
    22 | D:1      | Reached skill level 2 in Long Blades
   105 | D:1      | Reached XP level 2. HP: 21/25 MP: 0/0
   598 | D:1      | Reached XP level 3. HP: 30/30 MP: 0/0
   598 | D:1      | Learned a level 1 spell: Kiss of Death
   859 | D:2      | Found a faded altar of an unknown god.
   975 | D:2      | Reached XP level 4. HP: 36/37 MP: 0/0
  1140 | D:2      | Reached skill level 1 in Spellcasting
  1330 | D:3      | Found Fuaneta's Assorted Antiques.
  1446 | D:3      | Reached skill level 3 in Long Blades
  1458 | D:3      | Found a stormy altar of Qazlal.
  1486 | D:3      | Reached XP level 5. HP: 41/41 MP: 0/0
  1486 | D:3      | Learned a level 2 spell: Call Imp
  1533 | D:3      | Found a basalt altar of Yredelemnul.
  1597 | D:3      | Found Sosyr's Jewellery Shop.
  1609 | D:3      | Reached XP level 6. HP: 42/46 MP: 0/0
  1802 | D:3      | Noticed Sigmund
  1817 | D:3      | HP: 1/40 [Sigmund/+0 scythe (6)]
  1819 | D:3      | Killed Sigmund
  1820 | D:3      | Reached skill level 5 in Fighting
  1820 | D:3      | Reached skill level 4 in Long Blades
  2114 | D:4      | Reached XP level 7. HP: 54/54 MP: 0/0
  2114 | D:4      | Learned a level 2 spell: Blink
  2185 | D:4      | Found a staircase to the Ecumenical Temple.
  2190 | Temple   | Entered the Ecumenical Temple
  2434 | D:4      | Reached skill level 1 in Dodging
  3008 | D:5      | Entered Level 5 of the Dungeon
  3090 | D:5      | Noticed Blork the orc
  3102 | D:5      | Killed Blork the orc
  3263 | D:5      | Found a faded altar of an unknown god.
  3511 | D:5      | Reached skill level 5 in Long Blades
  3534 | D:5      | Found a glowing drain.
  3544 | Sewer    | Entered a sewer
  3742 | Sewer    | Reached XP level 8. HP: 31/31 MP: 0/0
  4606 | D:5      | Reached skill level 6 in Long Blades
  4606 | D:5      | Reached skill level 5 in Dodging
  4724 | D:5      | You are sucked into a shaft and drop 3 floors!
  4745 | D:8      | Noticed a two-headed ogre
  4773 | D:8      | HP: 1/48 [two-headed ogre/+0 giant club (25)]
  4793 | D:8      | Killed a two-headed ogre
  4794 | D:8      | Reached XP level 9. HP: 12/65 MP: 0/0
  4794 | D:8      | Learned a level 4 spell: Animate Dead
  5015 | D:8      | Reached skill level 7 in Long Blades
  5409 | D:7      | Noticed Duvessa
  5410 | D:7      | Noticed Dowan
  5423 | D:7      | Killed Duvessa
  5424 | D:7      | Reached skill level 5 in Armour
  5438 | D:7      | Killed Dowan
  5893 | D:6      | Found an ornate altar of the Wu Jian Council.
  5900 | D:6      | Became a worshipper of the Wu Jian Council
  6389 | D:6      | Reached XP level 10. HP: 53/57 MP: 0/0
  7073 | D:7      | Reached skill level 8 in Long Blades
  7600 | D:8      | Found Ovax's Weapon Shop.
  7602 | D:8      | Noticed a two-headed ogre
  7616 | D:8      | Killed a two-headed ogre
  7997 | D:8      | Found a burning altar of Makhleb.
  8352 | D:9      | Reached skill level 5 in Shields
  8367 | D:9      | Found a hide-covered altar of Uskayaw.
  8380 | D:9      | Identified the +8 quarterstaff "Bosu" {vorpal, +Blink rElec
                  | rF+ Int-4}
  8772 | D:9      | Reached skill level 9 in Long Blades
  9052 | D:9      | Reached skill level 5 in Spellcasting
  9106 | D:9      | Slain by a killer bee

Illustrated notes

Levels and vault maps discovered:
D:1:      wander_arrival_peaceful_grave, layout_loops_ring,
          minmay_misc_feat_secret_circle
D:2:      layout_loops_ring, shapermc_ecumenical_altar_flowoftime
D:3:      layout_rooms, grunt_qazlal_clouds, mainiacjoe_overflow_24_doors,
          serial_shops, nicolae_diamond_shop, nicolae_shop_statue_plus,
          uniq_sigmund
D:4:      layout_loops_ring, temple_doors_ab
D:5:      layout_cave_pods, serial_column_ruins, column_ruins_temple_circle,
          column_ruins_open_small, column_ruins_corridor_water,
          column_ruins_open_large, column_ruins_grid_1, portal_sewer_entry_e,
          uniq_blork_the_orc
D:6:      cheibrodos_quashed, layout_rooms, nzn_wu_jian_council_hall
D:7:      layout_gridville, uniq_duvessa
D:8:      layout_basic, mainiacjoe_overflow_alcove_1, serial_shops,
          nicolae_shop_trees
D:9:      layout_stronghold, grunt_temple_overflow_diamond,
          eat_drink_and_be_merry_uskayaw
Temple:   compressed_dpeg_circular_temple

Skill      XL: |  1  2  3  4  5  6  7  8  9 10 |
---------------+-------------------------------+-----
Long Blades    | 2 3 4 5 6 7 9 |  9.1
Spellcasting   | 1 2 3 4 5 |  5.0
Fighting       | 4 5 |  5.8
Dodging        | 3 5 |  5.0
Armour         | 4 5 6 |  6.0
Shields        | 5 |  5.0

Action                   |  1- 3 |  4- 6 |  7- 9 | 10-12 || total
-------------------------+-------+-------+-------+-------++-------
Melee: Long sword        |    71 |   107 |   413 |   270 ||   861
 Cast: Kiss of Death     |       |     2 |    11 |    10 ||    23
       Call Imp          |       |     1 |    14 |    11 ||    26
Invok: Lunge             |       |       |     1 |     6 ||     7
Evoke: Wand              |       |       |       |     2 ||     2
  Use: Scroll            |     1 |     4 |     5 |     2 ||    12
       Potion            |       |     1 |     3 |       ||     4
 Stab: Sleeping          |       |       |     2 |     1 ||     3
Armor: Scale mail        |    40 |    21 |       |       ||    61
       Leather armour    |       |    37 |   142 |   105 ||   284
       Steam dragon scal |       |       |       |    35 ||    35
Dodge: Dodged            |    27 |    55 |   251 |   203 ||   536
Block: Buckler           |    16 |    37 |    91 |    89 ||   233

Table legend: (Time is in decaauts)
 A = Elapsed time spent in this place.
 B = Non-inter-level travel time spent in this place.
 C = Inter-level travel time spent in this place.
 D = Time resting spent in this place.
 E = Time spent auto-exploring this place.
 F = Levels seen in this place.
 G = Mean time per level.
                   A        B        C        D        E       F      G
               +--------+--------+--------+--------+--------+-----+--------+
         Total |   9225 |   8969 |    256 |   1506 |   5395 |  11 |  838.6 |
       Dungeon |   8414 |   8174 |    240 |   1321 |   5110 |   9 |  934.9 |
        Temple |    177 |    161 |     16 |      0 |     64 |   1 |  177.0 |
         Sewer |    633 |    633 |      0 |    185 |    221 |   1 |  633.0 |
               +--------+--------+--------+--------+--------+-----+--------+

Top non-repeatable levels by time:
     D:5: 1241 daAuts
     D:8: 1217 daAuts
     D:7: 1098 daAuts
     D:9: 1053 daAuts
     D:6: 894 daAuts
     D:3: 797 daAuts
     D:4: 755 daAuts
     D:1: 683 daAuts
     D:2: 673 daAuts
   Sewer: 633 daAuts
  Temple: 177 daAuts
